[Event "Team 45 45 League T64"]
[Site "Internet Chess Club"]
[Date "2015.03.07"]
[Round "1"]
[White "rhayder"]
[Black "Just-Jim"]
[Result "1-0"]
[WhiteElo "1337"]
[BlackElo "1307"]
[Opening "Pirc: Ufimtsev-Pytel variation"]
[ECO "B07"]
[Time "11:10:09"]
[TimeControl "2700+45"]

1. e4 d6 2. d4 Nf6 3. Nc3 c6 4. Nf3 e6 5. Be2 h6 6. O-O Be7 7. e5 dxe5 8. dxe5
Nh7 9. Qxd8+ Bxd8 10. Be3 O-O 11. Ne4 f6 12. Bc5 Rf7 13. Nd6 Rc7 14. Nxc8 Rxc8
15. Bc4 Kf7 16. Rad1 Be7 17. Bxe7 Kxe7 18. exf6+ Nxf6 19. Rfe1 Re8 20. Rxe6+ Kf8
21. Rxe8+ Nxe8 22. Rd8 Ke7 23. Rd4 Nd6 24. Bd3 Nd7 25. Rg4 g5 26. Nd2 Re8 27.
Nc4 Nxc4 28. Rxc4 Kf8 29. Re4 Rxe4 30. Bxe4 Ke7 31. Bf5 Nc5 32. Kf1 Ne6 33. Bxe6
Kxe6 34. Ke2 Ke5 35. Ke3 c5 36. c4 a6 37. Kf3 Kd4 38. b3 b5 39. cxb5 axb5 40.
Kg4 Kc3 41. Kh5 Kb2 42. a4 bxa4 43. bxa4 c4 44. a5 c3 45. a6 c2 46. a7 c1=Q 47.
a8=Q Qd1+ 48. Kxh6 Qd6+ 49. Kxg5 Qe5+ 50. Kg4 Qg7+ 51. Kf3 Qf7+ 52. Ke2 Qe7+ 53.
Kf1 Qb4 54. Qf3 Qd6 55. Qe2+ Kb3 56. g3 Qd5 57. Qe3+ Kb2 58. Qb6+ Kc2 59. Qe3
Qh1+ 60. Ke2 Qxh2 61. Qd3+ Kb2 62. g4 Qe5+ 63. Qe3 Qb5+ 64. Kf3 Qc6+ 65. Kg3
Qd6+ 66. Qf4 Qd3+ 67. f3 Qe2 68. Qd4+ Ka3 69. g5 Qe1+ 70. Kf4 Qh4+ 71. Ke3 Qxg5+
72. Kf2 Qg6 73. Qe3+ Kb2 74. Qd2+ Ka3 75. Qe3+ Kb2 76. f4 Qh6 77. Qe5+ Kb3 78.
Ke3 Qh3+ 79. Ke4 Qh1+ 80. Kf5 Qh3+ 81. Ke4 Qh1+ 82. Kf5 Qh7+ 83. Kg5 Kc4 84. f5
Qg8+ 85. Kf6 Qh8+ 86. Ke6 Qg8+ 87. Kd6 Qd8+ 88. Ke6 Qe8+ 89. Kf6 Qh8+ 90. Ke6
Qe8+ 91. Kf6 Qf8+ 92. Kg5 Qd8+ 93. Kg6 Qh4 94. f6 Qg4+ 95. Qg5 Qe4+ 96. Kg7 Qb7+
97. f7 Qb2+ 98. Qf6 Qg2+ 99. Qg6 Qb2+ 100. Kg8 Qb8+ 101. f8=Q Qxf8+ {Black
resigns} 1-0

[Event "Team 45 45 League T64"]
[Site "Internet Chess Club"]
[Date "2015.03.09"]
[Round "1"]
[White "jjaco"]
[Black "Fulmar"]
[Result "1/2-1/2"]
[WhiteElo "1035"]
[BlackElo "1243"]
[Opening "Ruy Lopez: Steinitz defense deferred (Russian defense)"]
[ECO "C79"]
[Time "11:02:09"]
[TimeControl "2700+45"]

1. e4 e5 2. Nf3 Nc6 3. Bb5 d6 4. O-O a6 5. Ba4 Nf6 6. Re1 Bd7 7. c3 Be7 8. d3
O-O 9. h3 b5 10. Bc2 Qc8 11. Nbd2 Bxh3 12. g3 Bg4 13. Nf1 Bxf3 14. Qxf3 Qh3 15.
Nh2 Qd7 16. Qg2 Rab8 17. Bd1 b4 18. Bg5 bxc3 19. bxc3 Rb2 20. Bxf6 Bxf6 21. Bg4
Qe7 22. Nf3 Rfb8 23. Qh3 Na5 24. Kg2 c5 25. c4 Nc6 26. Bf5 h6 27. Bd7 Nd4 28.
Nxd4 cxd4 29. Bc6 Rd2 30. Rad1 Rxd1 31. Rxd1 Bg5 32. Bd5 Rb2 33. Qc8+ Qd8 34.
Bxf7+ Kxf7 35. Qxd8 Bxd8 36. a4 Ra2 37. Rb1 Kg6 38. Rb8 Bg5 39. Rb6 Rxa4 40.
Rxd6+ Kh7 41. c5 Be7 42. Rd5 Bxc5 43. Rxc5 Ra1 44. Rxe5 a5 {Game drawn by mutual
agreement} 1/2-1/2

[Event "Team 45 45 League T64"]
[Site "Internet Chess Club"]
[Date "2015.03.06"]
[Round "1"]
[White "Nathan-L"]
[Black "Portola"]
[Result "1/2-1/2"]
[WhiteElo "1752"]
[BlackElo "1753"]
[Opening "QGD: Orthodox defense, Botvinnik variation"]
[ECO "D60"]
[Time "09:00:32"]
[TimeControl "2700+45"]

1. d4 d5 2. c4 e6 3. Nf3 Nf6 4. Bg5 Be7 5. e3 O-O 6. Nc3 Nbd7 7. Bd3 Re8 8. O-O
b6 9. a3 Bb7 10. b4 dxc4 11. Bxc4 Ne4 12. Bxe7 Qxe7 13. Nxe4 Bxe4 14. Bd3 Bxd3
15. Qxd3 c5 16. bxc5 bxc5 17. Rfc1 Rec8 18. Rc3 cxd4 19. Nxd4 Rxc3 20. Qxc3 Qf6
21. Rc1 Nb6 22. h3 h6 23. Nc6 Qxc3 24. Rxc3 Kf8 25. Nb4 a5 26. Nc2 e5 27. e4 f6
28. Ne3 Rc8 29. Rxc8+ Nxc8 30. Nc4 a4 31. Kf1 Ke8 32. Ke2 Kd7 33. Kd3 Kc6 34. f3
Kc5 35. g3 Kb5 36. Kc3 Kc5 37. Ne3 Nd6 38. Nc2 Nb5+ 39. Kd3 Nd6 40. Ne3 Nb5 41.
Nc2 {Game drawn by mutual agreement} 1/2-1/2

[Event "Team 45 45 League T64"]
[Site "Internet Chess Club"]
[Date "2015.03.09"]
[Round "1"]
[White "Chesscat9"]
[Black "zap2"]
[Result "1-0"]
[WhiteElo "1702"]
[BlackElo "1632"]
[Opening "English, 1...Nf6 (Anglo-Indian defense)"]
[ECO "A15"]
[Time "05:06:59"]
[TimeControl "2700+45"]

1. c4 Nf6 2. g3 g6 3. Bg2 Bg7 4. Nc3 O-O 5. e4 d6 6. Nge2 e5 7. O-O Nbd7 8. d3
c6 9. h3 Re8 10. Be3 Nf8 11. Qd2 Ne6 12. f4 Qe7 13. f5 Nc5 14. g4 gxf5 15. exf5
Nxg4 16. hxg4 Qh4 17. Bf3 h5 18. Rf2 Qe7 19. Bxc5 hxg4 20. Bxg4 dxc5 21. Ne4 f6
22. Qe3 b6 23. Qh3 Rd8 24. Raf1 Qf8 25. Qh5 Bd7 26. Rh2 Be8 27. Qh7+ Kf7 28.
Bh5+ Ke7 29. Rg2 Bxh5 30. Rxg7+ Bf7 31. Rf3 Qxg7+ 32. Qxg7 Rg8 33. Rg3 Rxg7 34.
Rxg7 Rd8 35. Rg3 Rh8 36. Kf2 Rh2+ 37. Ke3 Bh5 38. N2c3 Rxb2 39. Rg7+ Bf7 40. Rh7
Rc2 41. Rh6 Bg8 42. Rg6 Bf7 43. Rxf6 Bxc4 44. dxc4 Rxc3+ 45. Nxc3 Kxf6 46. Ke4
a6 47. a4 b5 48. axb5 cxb5 49. cxb5 axb5 50. Nxb5 c4 51. Nc3 Kf7 52. Kxe5 Ke7
53. Nd5+ Kd7 54. Kf6 Kc6 55. Nc3 Kc5 56. Kg7 Kd4 57. Nb1 Kd3 58. f6 Kc2 59. Na3+
Kb3 60. Nxc4 Kc3 61. f7 Kd4 62. f8=Q Ke4 63. Qd6 Kf3 64. Qe5 Kf2 65. Qe4 Kg3 66.
Qf5 Kg2 67. Qf4 Kg1 68. Ne3 Kh1 69. Qg4 {Black resigns} 1-0

[Event "Team 45 45 League T64"]
[Site "Internet Chess Club"]
[Date "2015.03.04"]
[Round "1"]
[White "hondocando"]
[Black "sohamjoshi"]
[Result "1-0"]
[WhiteElo "1598"]
[BlackElo "1563"]
[Opening "King's pawn opening"]
[ECO "B07"]
[Time "20:00:09"]
[TimeControl "2700+45"]

1. e4 d6 2. Nc3 Nf6 3. g3 e5 4. d3 Nc6 5. Bg2 Be7 6. Be3 O-O 7. Nge2 Be6 8. O-O
h6 9. h3 Qd7 10. Kh2 Nh7 11. Qd2 Bg5 12. f4 exf4 13. gxf4 Bf6 14. f5 Bxc3 15.
Qxc3 d5 16. fxe6 Qxe6 17. Nf4 Qd6 18. Bc5 d4 19. Bxd6 dxc3 20. Bxf8 cxb2 21.
Rab1 Kxf8 22. Rxb2 b6 23. Nd5 Rc8 24. h4 Ne5 25. Ne3 Nf6 26. Kh3 c5 27. Nd5 Nxd5
28. exd5 c4 29. d4 c3 30. Rb3 Ng6 31. Rf3 Rc4 32. Rbxc3 Rxd4 33. Rfe3 Kg8 34.
Be4 Nf8 35. Rcd3 Rc4 36. d6 Nd7 37. Bf5 Nc5 38. Re8# {Black checkmated} 1-0

[Event "Team 45 45 League T64"]
[Site "Internet Chess Club"]
[Date "2015.03.05"]
[Round "1"]
[White "rubo"]
[Black "Tjet"]
[Result "1-0"]
[WhiteElo "1611"]
[BlackElo "1531"]
[Opening "Queen's Pawn"]
[ECO "A41"]
[Time "22:00:32"]
[TimeControl "2700+45"]

1. d4 d6 2. Nf3 Nf6 3. Bf4 g6 4. e3 Bg7 5. Be2 O-O 6. h3 Re8 7. c4 Nbd7 8. Nc3
e5 9. Bh2 exd4 10. exd4 b6 11. O-O Bb7 12. Qc2 Ne4 13. Nxe4 Bxe4 14. Qd2 Bb7 15.
Rfe1 Qf6 16. Qf4 Qxf4 17. Bxf4 Nf8 18. Be3 Re7 19. Bg5 f6 20. Be3 Rae8 21. Kf1
Ne6 22. d5 Nc5 23. Bxc5 bxc5 24. Bd3 Rxe1+ 25. Rxe1 Rxe1+ 26. Kxe1 Kf7 27. b3 c6
28. Be4 cxd5 29. Bxd5+ Bxd5 30. cxd5 Bh6 31. g4 Bf4 32. h4 h5 33. gxh5 gxh5 34.
Ke2 Kg6 35. Ne1 Kf5 36. Kf3 Bd2 37. Nd3 a5 38. Nb2 Bc3 39. Nc4 Be1 40. Nxd6+ Ke5
41. Ne4 Kxd5 42. Nxf6+ Kd4 43. Ke2 Bb4 44. Nxh5 Kc3 45. Nf4 Kb2 46. Kd3 Bc3 47.
Kc4 Bd4 48. a4 Kc2 49. Nd3 Bf6 50. h5 Bg7 51. Nxc5 Kd2 52. f4 Ke3 53. f5 Kf4 54.
Ne6+ {Black resigns} 1-0

[Event "Team 45 45 League T64"]
[Site "Internet Chess Club"]
[Date "2015.03.08"]
[Round "1"]
[White "Timotheous"]
[Black "justice02"]
[Result "1-0"]
[WhiteElo "1843"]
[BlackElo "1671"]
[Opening "Réti opening"]
[ECO "A30"]
[Time "14:01:14"]
[TimeControl "2700+45"]

1. Nf3 c5 2. c4 Nc6 3. g3 Nf6 4. Bg2 g6 5. b3 Bg7 6. Bb2 Qc7 7. O-O O-O 8. d3 d6
9. Nbd2 Bd7 10. d4 cxd4 11. Nxd4 Nxd4 12. Bxd4 Bc6 13. e4 Nh5 14. Bxg7 Nxg7 15.
Re1 Qb6 16. Nf1 h5 17. Ne3 e6 18. Qxd6 Rad8 19. Qa3 Rd4 20. c5 Qb4 21. Qxb4 Rxb4
22. Nc2 Rb5 23. b4 a5 24. a4 Rxb4 25. Nxb4 axb4 26. Reb1 Ra8 27. Rxb4 Ra5 28.
Rc4 e5 29. Bh3 h4 30. Bc8 hxg3 31. hxg3 Nh5 32. Rb1 Ra7 33. Rcb4 Nf6 34. f3 Ra5
35. Bxb7 Bxb7 36. Rxb7 Rxc5 37. R7b5 Rc3 38. R1b3 Rc1+ 39. Kf2 Rc2+ 40. Ke1 Rg2
41. g4 Ra2 42. a5 {Black resigns} 1-0

[Event "Team 45 45 League T64"]
[Site "Internet Chess Club"]
[Date "2015.03.08"]
[Round "1"]
[White "Grenadier"]
[Black "RamRock"]
[Result "0-1"]
[WhiteElo "1562"]
[BlackElo "1683"]
[Opening "Caro-Kann: Panov-Botvinnik attack, 5...e6"]
[ECO "B14"]
[Time "20:00:29"]
[TimeControl "2700+45"]

1. e4 c6 2. d4 d5 3. exd5 cxd5 4. c4 Nf6 5. Nc3 e6 6. Nf3 Nc6 7. c5 b6 8. Bb5
Bd7 9. Qa4 Qc7 10. cxb6 Qxb6 11. O-O Be7 12. Bf4 O-O 13. Qa6 Nb4 14. Qxb6 axb6
15. a3 Bxb5 16. Nxb5 Nd3 17. Bc1 Rfc8 18. Rd1 Nxc1 19. Raxc1 Ne8 20. Rc3 Rxc3
21. Nxc3 Rc8 22. Re1 Bxa3 23. Nxd5 exd5 24. bxa3 Nd6 25. g4 Nc4 26. Rb1 f6 27.
Rb5 Rd8 28. Nh4 g6 29. Ng2 Kf7 30. Nf4 g5 31. Nxd5 Nxa3 32. Rb3 Rxd5 33. Rxa3
Rxd4 34. Ra7+ Kg6 35. h3 b5 36. Rb7 b4 37. Kg2 h5 38. f3 h4 39. Kf2 Rc4 40. Ke3
Rc3+ 41. Ke4 b3 42. Rb4 Kf7 43. Rb7+ Ke6 44. Rb6+ Ke7 45. Rb7+ Kd6 46. Rb6+ Kc5
47. Rxf6 b2 {White resigns} 0-1

[Event "Team 45 45 League T64"]
[Site "Internet Chess Club"]
[Date "2015.03.08"]
[Round "1"]
[White "BrerRabbit"]
[Black "cnpatton"]
[Result "1-0"]
[WhiteElo "1489"]
[BlackElo "1402"]
[Opening "Réti: King's Indian attack (Barcza system)"]
[ECO "A07"]
[Time "19:14:08"]
[TimeControl "2700+45"]

1. Nf3 d5 2. g3 Nc6 3. Bg2 Nf6 4. O-O Bf5 5. d3 Qd6 6. Nbd2 O-O-O 7. c4 d4 8. a3
Qe6 9. b4 Bh3 10. Nb3 Bxg2 11. Ng5 Qd7 12. Kxg2 e6 13. Nf3 h5 14. b5 Ne7 15.
Nbxd4 h4 16. Bb2 h3+ 17. Kg1 Ng6 18. Nb3 Bd6 19. Qd2 Nh4 20. Nxh4 Rxh4 21. Qg5
Rhh8 22. Bxf6 gxf6 23. Qxf6 c6 24. a4 Qe7 25. Qxe7 Bxe7 26. Nd2 c5 27. Ne4 b6
28. a5 f5 29. Nd2 Bf6 30. Ra2 Bc3 31. Nb3 f4 32. axb6 axb6 33. Ra8+ Kd7 34.
Rxd8+ Rxd8 35. Rc1 Bb4 36. Ra1 Ke8 37. Ra2 f3 38. Kf1 e5 39. Nd2 Bxd2 40. Rxd2
e4 41. exf3 exd3 42. f4 Rd4 43. f3 Kf7 44. Kf2 Kf6 45. Ke3 Rxc4 46. Rxd3 Rb4 47.
Rd6+ Ke7 48. Rxb6 {Black resigns} 1-0

[Event "Team 45 45 League T64"]
[Site "Internet Chess Club"]
[Date "2015.03.07"]
[Round "1"]
[White "Littlemon"]
[Black "bmw2002"]
[Result "1-0"]
[WhiteElo "1523"]
[BlackElo "1483"]
[Opening "King's Indian: 4.e4"]
[ECO "E70"]
[Time "15:02:44"]
[TimeControl "2700+45"]

1. d4 Nf6 2. c4 g6 3. Nc3 Bg7 4. e4 d6 5. Bd3 O-O 6. Nge2 e5 7. d5 a5 8. h3 Na6
9. Be3 Nd7 10. a3 Nac5 11. Bc2 f5 12. exf5 gxf5 13. f4 exf4 14. Bxf4 Ne5 15. b3
Bd7 16. O-O Qf6 17. Qe1 Rae8 18. Qg3 h6 19. Rae1 Ng6 20. Bd2 Kh7 21. b4 axb4 22.
axb4 Na6 23. Nd1 Rxe2 24. Rxe2 Qd4+ 25. Ne3 Be5 26. Qf3 Nh4 27. Qf2 Kg7 28. g4
f4 29. Qxh4 Bf6 30. Qh5 fxe3 31. Qg6+ Kh8 32. Qh7# {Black checkmated} 1-0

[Event "Team 45 45 League T64"]
[Site "Internet Chess Club"]
[Date "2015.03.08"]
[Round "1"]
[White "Mitochondria"]
[Black "scarycell"]
[Result "1-0"]
[WhiteElo "1517"]
[BlackElo "1397"]
[Opening "QGD semi-Slav: 5.e3"]
[ECO "D45"]
[Time "20:03:35"]
[TimeControl "2700+45"]

1. d4 d5 2. c4 c6 3. Nf3 Nf6 4. Nc3 e6 5. e3 Bd6 6. Bd3 O-O 7. Qc2 Nbd7 8. O-O
e5 9. cxd5 cxd5 10. dxe5 Nxe5 11. Nxe5 Bxe5 12. Ne2 Be6 13. Nd4 Rc8 14. Qe2 Qb6
15. Nxe6 fxe6 16. Rb1 Qc7 17. h3 Rf7 18. b3 Rb8 19. Bd2 Rbf8 20. Bb4 Bd6 21.
Rbc1 Qb6 22. Bxd6 Qxd6 23. Rc2 Qe7 24. Rfc1 b6 25. Rc7 Qxc7 26. Rxc7 Rxc7 27.
Ba6 Ne4 28. f3 Nc5 29. Bb5 Rfc8 30. b4 Nb7 31. Ba6 Rc1+ 32. Kh2 R8c2 33. Qb5 Nd6
34. Qd7 Rc6 35. Qxe6+ Kf8 36. Qxd5 Nf7 37. Qd7 R6c2 38. Bb5 Rc8 39. Qxa7 Re1 40.
Qxb6 Rcc1 41. Qb8+ Ke7 42. Qb7+ Kf8 43. Qa8+ Ke7 44. Qe8+ Kf6 45. Bd7 Rh1+ 46.
Kg3 Nh6 47. Qe6+ Kg5 48. Qe5+ Kg6 49. Be8+ Nf7 50. Qe6+ Kg5 51. Qxf7 Rxh3+ 52.
Kxh3 Rh1+ 53. Kg3 g6 54. Qf4+ Kh5 55. Bd7 g5 56. Be8+ {Black resigns} 1-0

[Event "Team 45 45 League T64"]
[Site "Internet Chess Club"]
[Date "2015.03.08"]
[Round "1"]
[White "unclevinny"]
[Black "Berke"]
[Result "1-0"]
[WhiteElo "1637"]
[BlackElo "1509"]
[Opening "French: Tarrasch, closed variation"]
[ECO "C05"]
[Time "16:00:50"]
[TimeControl "2700+45"]

1. e4 e6 2. d4 d5 3. Nd2 Nf6 4. e5 Nfd7 5. Ngf3 c5 6. c3 Nc6 7. Be2 cxd4 8. cxd4
Bb4 9. a3 Be7 10. O-O Qc7 11. Nb3 f6 12. exf6 Nxf6 13. Re1 O-O 14. Bd3 Bd6 15.
h3 a5 16. Be3 a4 17. Nc5 Qa5 18. Bd2 Qa7 19. Nxe6 Re8 20. Nf4 Bd7 21. Ne2 Na5
22. Bxa5 Qxa5 23. Nc3 b5 24. Ne5 Bxe5 25. dxe5 Ne4 26. Nxe4 dxe4 27. Bxe4 Rad8
28. Bd5+ Kh8 29. Qe2 Bf5 30. Bf7 Re7 31. e6 Rd2 32. Qe5 Bg6 33. Bxg6 hxg6 34.
Rad1 Rxb2 35. Qxb2 {Black resigns} 1-0

[Event "Team 45 45 League T64"]
[Site "Internet Chess Club"]
[Date "2015.03.08"]
[Round "1"]
[White "Chaitanyaann"]
[Black "Visin"]
[Result "1/2-1/2"]
[WhiteElo "1330"]
[BlackElo "1299"]
[Opening "Giuoco Piano"]
[ECO "C54"]
[Time "11:00:23"]
[TimeControl "2700+45"]

1. e4 e5 2. Nf3 Nc6 3. Bc4 Bc5 4. c3 Nf6 5. d4 exd4 6. cxd4 Bb4+ 7. Bd2 Bxd2+ 8.
Nbxd2 d6 9. O-O O-O 10. Re1 Bg4 11. h3 Bh5 12. Rc1 Re8 13. e5 dxe5 14. dxe5 Nxe5
15. Qb3 Nxc4 16. Qxc4 c6 17. Qb3 Bxf3 18. Nxf3 Qc7 19. Qc2 Rxe1+ 20. Rxe1 Re8
21. Rxe8+ Nxe8 22. Ng5 Nf6 23. b4 h6 24. Nf3 Qd6 25. a3 b6 26. Qa4 Qc7 27. Nd4
c5 28. Nb5 Qb7 29. bxc5 bxc5 30. Nxa7 Nd7 31. Nb5 Qc6 32. Qb3 c4 33. Qb4 Qc5 34.
Qxc5 Nxc5 35. Nc3 Kf8 36. f3 Ke7 37. Kf2 Kd7 38. Ke3 Kd6 39. Kd4 Ne6+ 40. Kxc4
Nf4 41. Kb5 Kc7 42. a4 Nxg2 43. Nd5+ Kb7 44. a5 Nh4 45. f4 Nf5 46. a6+ Ka7 47.
Nb4 Nd6+ 48. Kc6 Ne4 49. Kd7 g5 50. fxg5 hxg5 51. Ke7 f6 52. Ke6 Nf2 53. Kxf6
Nxh3 54. Kf5 g4 55. Kxg4 Nf2+ 56. Kf5 Nd1 57. Ke5 Nc3 58. Kd4 Nb5+ 59. Kc5 Nc7
60. Kc6 Nxa6 {Game drawn because neither player has mating material} 1/2-1/2

[Event "Team 45 45 League T64"]
[Site "Internet Chess Club"]
[Date "2015.03.07"]
[Round "1"]
[White "MateIn42"]
[Black "dabodhi"]
[Result "1-0"]
[WhiteElo "1378"]
[BlackElo "1358"]
[Opening "French: exchange variation"]
[ECO "C01"]
[Time "18:02:08"]
[TimeControl "2700+45"]

1. e4 e6 2. d4 d5 3. exd5 exd5 4. Nc3 c6 5. a3 Bd6 6. Nf3 Bg4 7. Be2 Qe7 8. O-O
Bxf3 9. Bxf3 Qh4 10. g3 Qd8 11. Re1+ Be7 12. Bg5 f6 13. Bf4 Nd7 14. Re6 Nf8 15.
Re2 g5 16. Bd2 Qb6 17. Nxd5 cxd5 18. Bb4 Ng6 19. Bxd5 a5 20. Bc5 Qd8 21. Bxb7
Rb8 22. Bc6+ Kf8 23. c3 Bxc5 24. dxc5 Ne5 25. Qa4 Nxc6 26. Qxc6 Ne7 27. Qf3 Kg7
28. Rae1 Re8 29. b4 axb4 30. cxb4 Qd7 31. Re6 Nd5 32. Rxe8 Rxe8 33. Rxe8 Qxe8
34. Qxd5 Qe1+ 35. Kg2 Qa1 36. c6 {Black resigns} 1-0

[Event "Team 45 45 League T64"]
[Site "Internet Chess Club"]
[Date "2015.03.05"]
[Round "1"]
[White "tamky70"]
[Black "varavind"]
[Result "0-1"]
[WhiteElo "1364"]
[BlackElo "1305"]
[Opening "QGD: Semi-Tarrasch, 5.cd"]
[ECO "D41"]
[Time "20:00:21"]
[TimeControl "2700+45"]

1. d4 d5 2. c4 e6 3. Nc3 Nf6 4. Nf3 c5 5. cxd5 Nxd5 6. Nxd5 exd5 7. e3 Nc6 8.
Be2 Bf5 9. a3 Be7 10. O-O O-O 11. dxc5 Bxc5 12. Nd4 Nxd4 13. exd4 Bd6 14. Bf3
Rc8 15. Be3 Re8 16. g3 Be4 17. Bxe4 Rxe4 18. Rc1 Re7 19. Rxc8 Qxc8 20. Qf3 Rd7
21. Qg4 Bf8 22. Rc1 Qe8 23. Qe2 Bd6 24. Qb5 Re7 25. Qxe8+ Rxe8 26. Rc2 h6 27.
Kf1 g5 28. Kg2 Kf8 29. Re2 f5 30. Kf3 Re4 31. Rc2 Ke8 32. Kg2 Kd7 33. Bc1 Rxd4
34. Rd2 Rxd2 35. Bxd2 Ke6 36. f4 gxf4 37. gxf4 d4 38. Kf3 Kd5 39. Kg3 Ke4 40. h4
h5 {White resigns} 0-1

[Event "Team 45 45 League T64"]
[Site "Internet Chess Club"]
[Date "2015.03.07"]
[Round "1"]
[White "primerpaso"]
[Black "lacibacsi"]
[Result "0-1"]
[WhiteElo "1863"]
[BlackElo "2055"]
[Opening "English opening"]
[ECO "A16"]
[Time "11:31:39"]
[TimeControl "2700+45"]

1. c4 Nf6 2. Nc3 g6 3. g3 Bg7 4. Bg2 O-O 5. e4 d6 6. Nge2 c5 7. O-O Nc6 8. d3
Rb8 9. h3 a6 10. Be3 Bd7 11. Rc1 b5 12. Qd2 Qb6 13. Nd5 Nxd5 14. cxd5 Nd4 15. f4
Nxe2+ 16. Qxe2 b4 17. Rfd1 a5 18. Qd2 Rfc8 19. Bf1 a4 20. Kg2 e6 21. Be2 exd5
22. exd5 Re8 23. Bf3 b3 24. a3 Rxe3 25. Qxe3 Bxb2 26. Rb1 Bxa3 27. Qe7 Qd8 28.
Qe4 Qf6 29. Bg4 Bb5 30. f5 Re8 31. Qf4 Bb2 32. fxg6 hxg6 33. Rd2 Qxf4 34. gxf4
Bc3 35. Re2 Rxe2+ 36. Bxe2 b2 {White resigns} 0-1

[Event "Team 45 45 League T64"]
[Site "Internet Chess Club"]
[Date "2015.03.07"]
[Round "1"]
[White "Tobiasdelmonte"]
[Black "frank001"]
[Result "1-0"]
[WhiteElo "1823"]
[BlackElo "1774"]
[Opening "Dutch"]
[ECO "A80"]
[Time "23:04:38"]
[TimeControl "2700+45"]

1. d4 f5 2. Nf3 Nf6 3. Bf4 g6 4. e3 Bg7 5. h3 O-O 6. Be2 d6 7. O-O Nc6 8. c4 Ne4
9. Na3 a6 10. Rc1 Qe8 11. Nc2 e5 12. Bh2 g5 13. Nd2 exd4 14. Bh5 Qe6 15. Nxe4
Qxe4 16. Bf3 Qe6 17. Bd5 {Black resigns} 1-0

[Event "Team 45 45 League T64"]
[Site "Internet Chess Club"]
[Date "2015.03.06"]
[Round "1"]
[White "Heian"]
[Black "pauliewoll"]
[Result "0-1"]
[WhiteElo "1655"]
[BlackElo "1728"]
[Opening "Sicilian"]
[ECO "B50"]
[Time "16:30:42"]
[TimeControl "2700+45"]

1. e4 c5 2. Nf3 d6 3. Bc4 Nf6 4. d3 e6 5. Bb3 Be7 6. c3 Nc6 7. O-O O-O 8. h3 b5
9. Be3 Bb7 10. Nbd2 d5 11. e5 Nd7 12. d4 c4 13. Bc2 b4 14. Nh2 Qa5 15. Bb1 bxc3
16. Qc2 f5 17. exf6 Nxf6 18. bxc3 g6 19. Bh6 Rfe8 20. Ng4 Nxg4 21. hxg4 Bf8 22.
Bxf8 Rxf8 23. Nf3 Rae8 24. Ng5 Qc7 25. f4 Rxf4 26. Rxf4 Qxf4 27. Nxh7 Ne7 28.
Qe2 Kxh7 29. Qxe6 Qf8 30. g5 Nf5 31. Qd7+ Re7 32. Qa4 Ng3 33. Qd1 Qf4 34. Bc2
Ne2+ {White resigns} 0-1

[Event "Team 45 45 League T64"]
[Site "Internet Chess Club"]
[Date "2015.03.05"]
[Round "1"]
[White "fireball"]
[Black "Portola"]
[Result "0-1"]
[WhiteElo "1629"]
[BlackElo "1753"]
[Opening "QGD"]
[ECO "D30"]
[Time "19:00:36"]
[TimeControl "2700+45"]

1. d4 d5 2. c4 e6 3. Nf3 Nf6 4. Bg5 Be7 5. e3 O-O 6. c5 b6 7. b4 a5 8. Nbd2 axb4
9. Nb3 Ne4 10. Bxe7 Qxe7 11. cxb6 cxb6 12. Bd3 Ba6 13. Bxa6 Nxa6 14. O-O Rfc8
15. Qd3 Nc3 16. Rfc1 Nc7 17. Rc2 N7b5 18. Rac1 Qb7 19. Nfd2 Na3 20. Rb2 Na4 21.
Rbc2 Nxc2 22. Rxc2 Rxc2 23. Qxc2 Rc8 24. Qd1 Nc3 25. Qf1 Qa8 26. h3 Qxa2 27. Kh2
Ne4 28. Nxe4 dxe4 {White resigns} 0-1

[Event "Team 45 45 League T64"]
[Site "Internet Chess Club"]
[Date "2015.03.05"]
[Round "1"]
[White "Agarnez"]
[Black "freakypawn"]
[Result "1-0"]
[WhiteElo "1962"]
[BlackElo "1815"]
[Opening "QGD: 4.Bg5 Be7"]
[ECO "D53"]
[Time "19:01:14"]
[TimeControl "2700+45"]

1. d4 d5 2. c4 e6 3. Nc3 Nf6 4. Bg5 Be7 5. Nf3 O-O 6. Qc2 h6 7. Bxf6 Bxf6 8.
cxd5 exd5 9. e3 Nc6 10. Rc1 Be6 11. Na4 Qd6 12. Nc5 Nd8 13. Be2 c6 14. O-O Bg4
15. a3 Rc8 16. b4 Rc7 17. h3 Bh5 18. Qa4 b6 19. Nd3 Ne6 20. Qa6 Rfc8 21. a4 Be7
22. Rc3 Bg6 23. Rfc1 Be4 24. Nfe5 f6 25. Nf3 Bxd3 26. Qxd3 Qxb4 27. Bd1 Qd6 28.
Nh4 Nf8 29. Bg4 Ne6 30. Qg6 Nf8 31. Qc2 Re8 32. Nf5 Qd8 33. Rxc6 Rxc6 34. Qxc6
Kh7 35. Bf3 {Black forfeits on time} 1-0

[Event "Team 45 45 League T64"]
[Site "Internet Chess Club"]
[Date "2015.03.07"]
[Round "1"]
[White "fkramer"]
[Black "deancorso1"]
[Result "0-1"]
[WhiteElo "1783"]
[BlackElo "1751"]
[Opening "Queen's pawn game"]
[ECO "A45"]
[Time "15:08:43"]
[TimeControl "2700+45"]

1. d4 Nf6 2. c3 d5 3. Nf3 Bf5 4. Bf4 e6 5. e3 Bd6 6. Ne5 O-O 7. Bd3 Bxd3 8. Qxd3
c5 9. Nd2 Nc6 10. h3 Qc7 11. Ndf3 Ne4 12. Bh2 cxd4 13. Nxc6 bxc6 14. Bxd6 Qxd6
15. cxd4 Qb4+ 16. Nd2 c5 17. O-O Nxd2 18. a3 Qxb2 19. Rfd1 Ne4 20. f3 Qf2+ 21.
Kh1 c4 22. Qb1 Rab8 23. Qc1 Rb2 24. Rg1 Ng5 25. Rb1 Rfb8 26. Rxb2 Rxb2 27. e4
Nxh3 {White resigns} 0-1

[Event "Team 45 45 League T64"]
[Site "Internet Chess Club"]
[Date "2015.03.08"]
[Round "1"]
[White "drbishop"]
[Black "jjfchess"]
[Result "1-0"]
[WhiteElo "1722"]
[BlackElo "1749"]
[Opening "QGD semi-Slav"]
[ECO "D43"]
[Time "17:10:16"]
[TimeControl "2700+45"]

1. d4 d5 2. c4 e6 3. Nf3 Nf6 4. Nc3 c6 5. Bg5 Nbd7 6. cxd5 exd5 7. e3 Be7 8. Bd3
O-O 9. O-O Re8 10. Qc2 Nf8 11. Bf4 Ng6 12. Bg3 Bd6 13. Bxd6 Qxd6 14. h3 Qe7 15.
b4 Qxb4 16. Na4 Qe7 17. Nc5 Ne4 18. Bxe4 dxe4 19. Nd2 Bf5 20. Rab1 b6 21. Na6
Rac8 22. Rfc1 Qg5 23. Nf1 Nh4 24. Ng3 Bd7 25. Nb4 Qg6 26. Qa4 Nf5 27. Ne2 Nd6
28. Nf4 Qf5 29. Qxa7 c5 30. g4 Nb5 31. Qxb6 Qg5 32. Rxc5 Rxc5 33. Qxc5 Qxc5 34.
dxc5 Rc8 35. Rc1 Bc6 {Black resigns} 1-0

[Event "Team 45 45 League T64"]
[Site "Internet Chess Club"]
[Date "2015.03.05"]
[Round "1"]
[White "Schachteufel"]
[Black "victoriosan"]
[Result "0-1"]
[WhiteElo "1719"]
[BlackElo "1458"]
[Opening "Ruy Lopez: Cozio defense"]
[ECO "C60"]
[Time "16:00:51"]
[TimeControl "2700+45"]

1. e4 e5 2. Nf3 Nc6 3. Bb5 Nge7 4. O-O g6 5. c3 Bg7 6. d4 a6 7. Ba4 O-O 8. Be3
d5 9. Nxe5 Nxe5 10. dxe5 dxe4 11. Nd2 Bxe5 12. Nxe4 b6 13. Bh6 Bg7 14. Bxg7 Kxg7
15. Qf3 Nf5 16. Rad1 Qe7 17. Rfe1 Be6 18. Qf4 f6 19. h4 Qf7 20. h5 Rad8 21. hxg6
hxg6 22. Ng3 Nxg3 23. Qxg3 Bxa2 24. Bc2 Rd5 25. Ra1 Rg5 26. Qf4 Bd5 27. f3 a5
28. b4 axb4 29. Qxb4 Bxf3 30. Re7 Rxg2+ 31. Kf1 Rxc2 32. Rxf7+ Rxf7 33. Qf4 Rxc3
34. Kf2 Bd5 35. Rg1 Rf3+ {White resigns} 0-1

[Event "Team 45 45 League T64"]
[Site "Internet Chess Club"]
[Date "2015.03.06"]
[Round "1"]
[White "jjmolina"]
[Black "LittleButton"]
[Result "1-0"]
[WhiteElo "1736"]
[BlackElo "1837"]
[Opening "QGD: Janowski variation"]
[ECO "D31"]
[Time "10:37:17"]
[TimeControl "2700+45"]

1. c4 e6 2. Nc3 d5 3. d4 a6 4. cxd5 exd5 5. Bf4 c6 6. e3 Bd6 7. Bxd6 Qxd6 8. Bd3
Ne7 9. Qc2 g6 10. f3 O-O 11. Nge2 Nf5 12. Bxf5 Bxf5 13. e4 dxe4 14. fxe4 Bg4 15.
O-O c5 16. e5 Qc6 17. d5 Qe8 18. Rf4 Bf5 19. Qd2 Qxe5 20. Ng3 Re8 21. Nxf5 gxf5
22. Raf1 Nd7 23. Rxf5 Qd4+ 24. R1f2 Qxd2 25. Rxd2 Re1+ 26. Kf2 Rae8 27. d6 R1e6
28. Nd5 Rd8 29. Nf4 Rh6 30. h3 c4 31. Rfd5 Nf6 32. Re5 Ne8 33. Rd4 Rhxd6 34.
Rxe8+ {Black resigns} 1-0